 Dungeon Crawl Stone Soup version 0.30.0 (webtiles) character file.

Game seed: 3952900543417725824

60 samcosmo the Grasshopper (level 3, -1/31 HPs)
             Began as a Draconian Warper on July 20, 2023.
             Slain by Sigmund
             ... wielding a +0 scythe
              (5 damage)
             ... on level 2 of the Dungeon.
             The game lasted 00:02:18 (1221 turns).

samcosmo the Grasshopper (Draconian Warper)         Turns: 1221, Time: 00:02:18

Health: -1/31      AC:  5    Str: 15    XL:     3   Next: 82%
Magic:  6/6        EV: 12    Int: 13    God:
Gold:   37         SH:  0    Dex: 10    Spells: 4/6 levels left

rFire   . . .        a - +0 mace
rCold   . . .        (no shield)
rNeg    . . .        (body armour unavailable)
rPois   .            (helmet restricted)
rElec   .            (no cloak)
rCorr   .            (no gloves)
SInv    .            (no boots)
Will    .....        (no amulet)
Stlth   +            (no ring)
HPRegen 0.25/turn    (no ring)
MPRegen 0.10/turn

%: no passive effects
@: no status effects
A: AC +5, unfitting armour, cold-blooded
a: no special abilities


You were on level 2 of the Dungeon.
You visited 1 branch of the dungeon, and saw 2 of its levels.

You collected 37 gold pieces.

Inventory:

Hand Weapons
 a - a +0 mace (weapon)
Missiles
 c - 7 boomerangs of dispersal (quivered)
Scrolls
 b - 2 scrolls of blinking
 d - a scroll of enchant armour {unknown}
 e - 3 scrolls of identify {unknown}
 f - a scroll of immolation {unknown}
 g - a scroll of fog {unknown}
 j - a scroll of noise {unknown}
Potions
 h - a potion of lignification {unknown}
 i - a potion of haste {unknown}


   Skills:
 + Level 3.0 Fighting
 * Level 3.3 Maces & Flails
 - Level 0.8 Throwing
 - Level 2.1 Dodging
 - Level 2.0 Spellcasting
 + Level 3.4 Translocations


You had 4 spell levels left.
You knew the following spells:

 Your Spells              Type           Power      Damage    Failure   Level
a - Blink                 Tloc           20%        N/A       10%         2

Your spell library contained the following spells:

 Spells                   Type           Power      Damage    Failure   Level
 Lesser Beckoning         Tloc           20%        N/A       10%         2
 Teleport Other           Tloc           10%        N/A       19%         3
 Vhi's Electric Charge    Tloc/Air       10%        N/A       36%         3
 Manifold Assault         Tloc           10%        N/A       52%         4


Dungeon Overview and Level Annotations

Branches:
Dungeon (2/15)

Altars:

Shops:
D:2 =

Annotations:
D:2 Sigmund


Innate Abilities, Weirdness & Mutations

Your plain brown scales are hard. (AC +5)
You cannot fit into any form of body armour.
You are cold-blooded and may be slowed by cold attacks.


Message History

Sigmund attacks as you move away! Sigmund misses you.
Sigmund closely misses you.
You're too confused to move!
You're too confused to move!
Sigmund hits you from afar with a +0 scythe.
You feel less confused. Sigmund closely misses you.
You hit Sigmund.
Sigmund is lightly wounded.
You barely miss Sigmund.
Sigmund is lightly wounded.
Sigmund closely misses you.
You sock Sigmund!
Sigmund is moderately wounded.
Sigmund completely misses you.
You closely miss Sigmund.
Sigmund is moderately wounded.
Sigmund hits you but does no damage.
You barely miss Sigmund.
Sigmund is moderately wounded.
Sigmund misses you.
You hit Sigmund.
Sigmund is heavily wounded.
Sigmund casts a spell.
Sigmund flickers and vanishes!
Deactivating autopickup; reactivate with Ctrl-A.
You hit something. Something hits you!
You hit something but do no damage.
Your tail-slap misses something.
Something hits you!
* * * LOW HITPOINT WARNING * * *
You hit something. You miss something. Something hits you but does no damage.
You miss something. Something completely misses you.
You barely miss something. Something hits you!
* * * LOW HITPOINT WARNING * * *
You hit something but do no damage.
Your tail-slap misses something.
Something completely misses you.
You hit something. You barely miss something.
Your tail-slap misses something.
Something hits you.
You die...

#)# #.#.##.#.##....).. #.#
#.#.##.##.#..>†..# #.#
#.#.##..#......... #.#
#.#.###........... #.##
#.#.# ###....†.... #..# #.#
##.......# ##.# #.#
#..#...## ##.# #######{#
#.<#####
#..####.....#@#.######...#
#...........#.#..........#
#..####.......########...###
#..# #.....###............#
#..# #.....# #.#####..###.#
...# ###.#[# #.# #.## #.#
##.## #...# #.# #.# #.# #.#
#..## #.# #.# #)# #. #<.#
#.#####.# #.#


There were no monsters in sight!

Vanquished Creatures
  An adder (D:2)
  3 dart slugs
  3 ball pythons
  5 endoplasms
  2 giant cockroaches
  6 goblins
  2 hobgoblins (D:1)
  5 bats
  3 frilled lizards (D:1)
  5 kobolds
  8 rats
43 creatures vanquished.

Notes
Turn   | Place    | Note
-------+----------+-------------------------------------------
     0 | D:1      | samcosmo the Draconian Warper began the quest for the Orb.
     0 | D:1      | Reached XP level 1. HP: 17/17 MP: 3/3
    96 | D:1      | Reached XP level 2. HP: 25/25 MP: 5/5
   130 | D:1      | Learned a level 2 spell: Blink
   395 | D:1      | Reached XP level 3. HP: 29/30 MP: 6/6
   772 | D:2      | Found Wissegor's Jewellery Emporium.
  1197 | D:2      | Noticed Sigmund
  1221 | D:2      | Slain by Sigmund

Illustrated notes

Levels and vault maps discovered:
D:1:      beargit_arrival_greenhouse, layout_basic,
          chequers_serial_rivers_micro_d
D:2:      layout_loops_ring, serial_shops, nicolae_shop_back_alley_shop,
          minmay_tetromino_s2, uniq_sigmund

Skill      XL: |  1  2  3 |
---------------+----------+-----
Maces & Flails | 3 |  3.3
Fighting       | 3 |  3.0
Throwing       | |  0.8
Dodging        | |  2.1
Spellcasting   | |  2.0
Translocations | |  3.4

Action                     || total
---------------------------++-------
  Melee: Mace              ||   129
         Tailslap          ||    13
   Stab: Distracted        ||     1
         Sleeping          ||     1
 Armour: Skin              ||    47
  Dodge: Dodged            ||   104
